 Dungeon Crawl Stone Soup version 0.25-a0-100-g33052ce (webtiles) character file.

Game seed: 9739327500559121165, levelgen mode: deterministic

11 Dorkslayer the Skirmisher (level 2, -2/21 HPs)
             Began as an Octopode Fighter on Nov 15, 2019.
             Slain by a gnoll
             ... wielding a +0 spear
              (8 damage)
             ... on level 1 of the Dungeon.
             The game lasted 00:00:55 (205 turns).

Dorkslayer the Skirmisher (Octopode Fighter)         Turns: 205, Time: 00:00:56

Health: -2/21      AC:  1    Str: 22    XL:     2   Next: 29%
Magic:  2/2        EV: 11    Int: 10    God:
Gold:   27         SH:  9    Dex: 11    Spells: 1/1 levels left

rFire    . . .     SeeInvis .   a - +0 long sword
rCold    . . .     Gourm    .   b - +0 shield
rNeg     . . .     Faith    .   (helmet restricted)
rPois    .         Spirit   .   (no amulet)
rElec    .         Reflect  .   e - +2 ring of strength
rCorr    .         Harm     .   (no ring)
MR       .....                  (no ring)
Stlth    ++........             (no ring)
HPRegen  0.07/turn              (no ring)
MPRegen  0.08/turn              (no ring)
                                (no ring)
                                (no ring)

@: mighty, lethally poisoned (-2 -> -12)
A: almost no armour, stealthy swim, amphibious, 8 rings, constrict 8, camouflage
1, gelatinous body 1
a: no special abilities


You were on level 1 of the Dungeon.
You were not hungry.

You visited 1 branch of the dungeon, and saw 1 of its levels.

You collected 27 gold pieces.

Inventory:

Hand Weapons
 a - a +0 long sword (weapon)
Armour
 b - a +0 shield (worn)
Jewellery
 e - a +2 ring of strength (left tentacle)
Comestibles
 d - 2 rations
 f - 4 chunks of flesh


   Skills:
 + Level 3.2 Fighting
 + Level 2.2 Long Blades
 + Level 3.1 Dodging
 + Level 3.1 Shields


You had one spell level left.
You didn't know any spells.
Your spell library was empty.

Dungeon Overview and Level Annotations

Branches:
Dungeon (1/15)

Altars:


Innate Abilities, Weirdness & Mutations

You cannot wear most types of armour.
You are very stealthy in the water. (Stealth+)
You are amphibious.
You can wear up to eight rings at the same time.
You can use your tentacles to constrict eight enemies at once.
Your skin changes colour to match your surroundings (Stealth+).
Your rubbery body absorbs attacks. (AC +1, EV +1)


Message History

You kill the frilled lizard!
You feel sick.
The hobgoblin throws a poisoned dart.
The poisoned dart hits you!
You are lethally poisoned!
You feel sick.
The hobgoblin hits you but does no damage.
Things that are here:
a frilled lizard corpse; a rat corpse You barely miss the hobgoblin.
You grab the hobgoblin. You constrict the hobgoblin.
You feel sick. You block the hobgoblin's attack.
You slice the hobgoblin!!
You kill the hobgoblin!
* * * LOW HITPOINT WARNING * * *
You feel sick.
You slash the goblin!
You kill the goblin!
* * * LOW HITPOINT WARNING * * *
You feel sick. You block the gnoll's attack.
The gnoll hits you with a +0 spear!
You die...

#.. ######## #.#
.......# #.# ##
######.########.# ..
#
#.......##.###.###..
#######...........
#..#(##....
#..#†##..#
#.####...#@#..###
#....(()###g....#
######>.(#.#(.#.#
#..#(##).......
#...#.........g. .#
#.#%g......###.. .#
#.##.......# . .# #%
#......... ##.# #.
#.........


You could see a gnoll.

Vanquished Creatures
  2 bats (D:1)
  4 goblins (D:1)
  A hobgoblin (D:1)
  A kobold (D:1)
  A frilled lizard (D:1)
  A rat (D:1)
10 creatures vanquished.

Notes
Turn   | Place    | Note
-------+----------+-------------------------------------------
     0 | D:1      | Dorkslayer the Octopode Fighter began the quest for the
                  | Orb.
     0 | D:1      | Reached XP level 1. HP: 16/16 MP: 1/1
   182 | D:1      | Reached XP level 2. HP: 21/21 MP: 2/2
   205 | D:1      | Slain by a gnoll

Levels and vault maps discovered:
D:1:      wander_arrival_chamber, layout_loops_ring, minmay_octomino_c4

Action                   || total
-------------------------++-------
Melee: Long sword        ||    13
       Constrict         ||     7
       Tentacles         ||     2
  Use: Potion            ||     1
Armor: Skin              ||     4
Dodge: Dodged            ||     5
Block: Shield            ||    10
       Rpst.: Long sword ||     1

Table legend:
 A = Non-vault XP
 B = Vault XP
 C = Vault XP percentage of total XP
 D = Non-vault monster count
 E = Vault monster count
 F = Vault count percentage of total count
                 A         B        C        D         E       F
            +---------+---------+-------+---------+---------+-------
      Total |      16 |       1 |   5.9 |       9 |       1 |  10.0
            +---------+---------+-------+---------+---------+-------
        D:1 |      16 |       1 |   5.9 |       9 |       1 |  10.0
            +---------+---------+-------+---------+---------+-------
